AoeStats
← FrankieFunk

Pilgrims

508246534Analyzed
3v3 RM · 11d ago on Sep 21, 2026· 82m 35s· 6 players
Game mode
Random Map
Map size
Normal (6 player)
Population
200
Speed
Normal
Resources
Standard
Victory
Conquest
Starting age
Dark Age
Ending age
Imperial Age
RankedLock teamsTeams togetherTeam positionsShared explorationLock speedFull tech treeHidden civsTurbo modeCheats
Victory
Defeat
🇨🇿 Bohemians · Czechia
672
+15
🇮🇹 Japanese · Italy
671
+15
🇮🇹 Vikings · Italy
655
+16
🇪🇸 Vikings · Spain
829
-69
🇳🇱 Goths · Netherlands
574
-12
🇪🇸 Byzantines · Spain
567
-12
Asdizio
7:38 Loom
14:02 Feudal Age
14:32 Fishing Lines
16:07 Double-Bit Axe
23:05 Castle Age
21:04 Fletching
21:16 Padded Archer Armor
21:26 Forging
21:33 Scale Mail Armor
23:48 Gillnets
24:17 Medium Warships
24:42 Bodkin Arrow
26:20 Stone Mining
26:21 Gold Mining
26:43 Bow Saw
28:22 Gold Shaft Mining
28:52 Fervor
31:44 Caravan
32:43 Chieftains
33:40 Murder Holes
34:07 Ballistics
33:44 Murder Holes
33:29 Treadmill Crane
34:02 Clinker Construction
34:02 Careening
34:06 Squires
33:52 Arson
35:40 Town Watch
36:14 Masonry
36:23 Chain Mail Armor
36:44 Iron Casting
38:06 Heated Shot
38:23 Siphons
40:00 Leather Archer Armor
42:20 Imperial Age
41:41 Gambesons
41:16 Man-at-Arms
41:17 Pikeman
42:36 Fortified Wall
43:04 Long Swordsman
44:15 Conscription
44:32 Hoardings
45:57 Chemistry
45:19 Carvel Hull
45:43 Siege Engineers
45:27 Elite Berserk
47:42 Heavy Warships
47:29 Bracer
47:05 Two-Handed Swordsman
48:30 Elite Cannon Galleon
50:08 Elite Longship
54:21 Blast Furnace
53:44 Dry Dock
55:30 Ring Archer Armor
55:34 Plate Mail Armor
57:36 Champion
61:47 Coinage
64:04 Architecture
66:26 Crossbowman
67:10 Bogsveigar
66:58 Arbalester
69:09 Two-Man Saw
73:14 Elite Skirmisher
74:46 Ring Archer Armor
74:23 Scale Barding Armor
Blitzo
5:19 Loom
10:17 Feudal Age
11:23 Horse Collar
12:23 Double-Bit Axe
24:02 Castle Age
25:30 Wheelbarrow
25:34 Forging
25:28 Scale Mail Armor
26:19 Bow Saw
26:10 Pikeman
26:36 Arson
26:52 Squires
27:48 Iron Casting
27:29 Chain Mail Armor
27:50 Heavy Plow
30:09 Town Watch
33:45 Fletching
37:22 Imperial Age
35:07 Guard Tower
36:19 Chemistry
37:16 Bodkin Arrow
37:55 Ballistics
37:59 Wagenburg Tactics
39:56 Keep
39:26 Bracer
41:46 Blast Furnace
41:17 Plate Mail Armor
40:37 Treadmill Crane
40:45 Arrowslits
44:52 Hand Cart
44:51 Halberdier
53:04 Hussite Reforms
52:50 Houfnice
58:54 Fortified Wall
58:47 Murder Holes
59:05 Masonry
59:56 Elite Hussite Wagon
71:03 Caravan
75:04 Conscription
Luke91
4:07 Loom
7:33 Loom
13:36 Feudal Age
14:01 Double-Bit Axe
13:59 Horse Collar
14:48 Fishing Lines
18:10 Wheelbarrow
17:22 Town Watch
19:30 Scale Barding Armor
19:26 Scale Mail Armor
21:11 Bloodlines
20:53 Gold Mining
20:56 Stone Mining
25:59 Castle Age
24:24 Man-at-Arms
24:50 Arson
25:55 Padded Archer Armor
25:46 Fletching
26:06 Forging
26:22 Light Cavalry
26:57 Gillnets
27:34 Heavy Plow
28:49 Coinage
30:06 Hand Cart
29:20 Demolition Ship
30:15 Medium Warships
32:24 Bow Saw
32:52 Gold Shaft Mining
32:49 Town Patrol
40:12 Treadmill Crane
40:53 Ballistics
40:32 Murder Holes
43:10 Imperial Age
40:43 Elite Skirmisher
41:31 Thumb Ring
41:51 Fortified Wall
41:26 Crossbowman
42:26 Guard Tower
42:46 Masonry
42:39 Squires
42:25 Gambesons
43:23 Caravan
43:33 Husbandry
43:34 Yasama
43:42 Demolition Ship
44:47 Heavy Warships
44:53 Conscription
46:30 Hoardings
46:42 Elite Samurai
48:00 Hoardings
49:19 Kataparuto
50:31 Siege Engineers
51:26 Chemistry
50:12 Arrowslits
49:51 Pikeman
54:11 Long Swordsman
54:34 Capped Ram
58:35 Two-Handed Swordsman
66:13 Banking
65:18 Arbalester
70:40 Two-Man Saw
70:30 Elite Cannon Galleon
77:01 Cavalier
FrankieFunk
10:41 Feudal Age
12:40 Fishing Lines
20:44 Castle Age
19:14 Fletching
26:54 Bodkin Arrow
35:06 Imperial Age
32:30 Double-Bit Axe
32:47 Padded Archer Armor
34:26 Loom
34:27 Town Watch
35:00 Leather Archer Armor
35:41 Ballistics
39:01 Chemistry
44:38 Conscription
43:52 Elite Longship
48:56 Bow Saw
48:33 Elite Berserk
50:34 Careening
51:28 Elite Cannon Galleon
52:03 Gillnets
55:49 Bogsveigar
59:48 Forging
61:48 Iron Casting
68:37 Caravan
68:32 Gold Mining
69:45 Two-Man Saw
68:39 Stone Mining
69:19 Scale Mail Armor
73:22 Blast Furnace
73:54 Chain Mail Armor
78:53 Plate Mail Armor
ageatope
12:57 Feudal Age
13:48 Double-Bit Axe
20:40 Castle Age
20:01 Horse Collar
20:27 Gold Mining
20:51 Forging
20:42 Scale Mail Armor
23:01 Medium Warships
23:41 Iron Casting
28:15 Anarchy
31:03 Imperial Age
30:14 Wheelbarrow
29:31 Town Watch
30:04 Bow Saw
30:26 Heavy Plow
31:26 Pikeman
32:04 Loom
32:40 Chain Mail Armor
34:04 Hand Cart
34:06 Perfusion
36:01 Blast Furnace
34:51 Fletching
34:42 Halberdier
37:01 Squires
39:48 Town Patrol
42:39 Crop Rotation
42:24 Elite Skirmisher
44:57 Chemistry
48:25 Elite Huskarl
54:56 Siphons
59:50 Bodkin Arrow
59:55 Padded Archer Armor
68:24 Shipwright
68:25 Incendiaries
80:44 Leather Archer Armor
Indekeik
4:26 Loom
15:03 Feudal Age
16:23 Wheelbarrow
23:04 Castle Age
28:49 Hand Cart
29:50 Double-Bit Axe
33:03 Imperial Age
35:18 Bow Saw
35:19 Horse Collar
35:46 Fishing Lines
37:46 Two-Man Saw
37:28 Pikeman
38:10 Squires
37:56 Arson
38:25 Forging
38:20 Scale Barding Armor
40:08 Caravan
41:20 Conscription
42:56 Chemistry
42:17 Ballistics
42:15 Siphons
42:32 Gold Mining
42:40 Stone Mining
44:58 Medium Warships
44:44 Gillnets
48:27 Heavy Camel Rider
50:04 Halberdier
52:59 Iron Casting
52:44 Chain Barding Armor
Connection lost

Rejoining the realm…

Still unreachable

The connection could not be restored.

Session expired

The server has moved on; the page needs a fresh start.